Construct Infanterie Kompanie
Selects Luftwaffe Battlegroup
Selects Luftwaffe Pioneer Support
Fallschirmpioneer Squad Paradrop
Fallschirmpioneer Squad Paradrop
Selects Stuka Strafing Run
Construct Panzergrenadier Kompanie
Nebelwerfer 42 Rocket Launcher Team
Panzergrenadier Officer Quarters
Construct Luftwaffe Kompanie
Selects Flak 38 Anti-Air Emplacement
Selects Fallschirmjäger Squad Paradrop
Selects Flak 38 Anti-Air Emplacement
Selects Flak 36 Anti-tank Gun Emplacement
Selects Fragmentation Bombs
Construct Panzer Kompanie
Selects Flak 36 Anti-tank Gun Emplacement